[Event "Titled Tuesday Blitz November 29 Late 2022"]
[White "Rian, Kapriaga"]
[Black "Rodriguez Fontecha, Marcos"]
[WhiteFideId "7103263"]
[BlackFideId "2256576"]
[WhiteElo "2332"]
[BlackElo "2263"]
[Result "0-1"]
[Round "04"]
[TimeControl "180+1"]
[Date "2022.11.30"]
[WhiteClock "0:00:01"]
[BlackClock "0:00:06"]

1. d4 d5 2. Nf3 Nf6 3. Bf4 c5 4. e3 Nc6 5. Nbd2 Qb6 6. dxc5 Qxb2 7. Rb1 Qa3 8. Bb5 Qxc5 9. Nc4 dxc4 10. O-O Bd7 11. e4 e5 12. Be3 Qd6 13. Qe2 Be7 14. Rfd1 Qc7 15. Bxc4 O-O 16. Bb3 Rad8 17. Bg5 h6 18. Bh4 Na5 19. Bd5 Nxd5 20. exd5 Bxh4 21. Nxh4 Qc4 22. Qxc4 Nxc4 23. Rxb7 a5 24. h3 Ba4 25. Rc7 Rc8 26. d6 Nxd6 27. Ra7 Nc4 28. Nf5 Ra8 29. Rc7 Na3 30. Rd3 Nxc2 31. Rg3 g6 32. Nxh6+ Kg7 33. Nf5+ Kh7 34. Nd6 Kg7 35. Nf5+ Kf6 36. Nd6 Nd4 37. Kh2 Rad8 38. Ne4+ Kg7 39. Ra3 Rd7 40. Rc5 Bc2 41. Rxe5 Bxe4 42. Rxe4 Nc6 43. Rc4 Rd6 44. Rac3 Ne5 45. Rc5 Nd3 46. Rxa5 Nxf2 0-1


[Site "https://www.chess.com"]

[Event "Titled Tuesday Blitz November 29 Late 2022"]
[White "Richter, Paul"]
[Black "Popilski, Gil"]
[WhiteFideId "2046350"]
[BlackFideId "2809060"]
[WhiteElo "2555"]
[BlackElo "2537"]
[Result "1-0"]
[Round "04"]
[TimeControl "180+1"]
[Date "2022.11.30"]
[WhiteClock "0:00:03"]
[BlackClock "0:00:13"]

1. e4 e5 2. Nf3 Nf6 3. Nxe5 d6 4. Nf3 Nxe4 5. d4 d5 6. Bd3 Bd6 7. O-O O-O 8. c4 c6 9. Nc3 Nxc3 10. bxc3 dxc4 11. Bxc4 Bf5 12. h3 Nd7 13. Re1 b5 14. Bb3 h6 15. a4 Nb6 16. axb5 cxb5 17. Ba3 a5 18. Ne5 a4 19. Bxd6 Qxd6 20. Nxf7 Rxf7 21. Bxf7+ Kxf7 22. Qf3 Kg6 23. Re5 Rf8 24. Rxb5 Nc4 25. Rxa4 Bc2 26. Qg4+ Kh7 27. Ra7 Re8 28. Qxg7# 1-0


[Site "https://www.chess.com"]

[Event "Titled Tuesday Blitz November 29 Late 2022"]
[White "Rios Escobar, Adan"]
[Black "Adury, Anant"]
[WhiteFideId "3403645"]
[BlackFideId "30964687"]
[WhiteElo "2300"]
[BlackElo "2161"]
[Result "1/2-1/2"]
[Round "04"]
[TimeControl "180+1"]
[Date "2022.11.30"]
[WhiteClock "0:00:14"]
[BlackClock "0:00:12"]

1. d4 c6 2. c4 d5 3. Nf3 Nf6 4. g3 dxc4 5. Bg2 b5 6. O-O e6 7. b3 cxb3 8. Qxb3 Be7 9. Nc3 O-O 10. Ne5 Nd5 11. Rd1 Nxc3 12. Qxc3 Bb7 13. a4 a6 14. Bb2 Nd7 15. Nxc6 Bxc6 16. Bxc6 Rc8 17. axb5 axb5 18. Qf3 Bf6 19. Bxb5 Rb8 20. Qd3 Qb6 21. Bxd7 Qxb2 22. Rab1 Qa2 23. Bc6 Rxb1 24. Rxb1 Rd8 25. e3 Rc8 26. Be4 g6 27. h4 h5 28. Rb7 Qa1+ 29. Kg2 Rc3 30. Qb5 Rc8 31. Qd7 Rf8 32. Bxg6 Qa3 33. Bxf7+ Kh8 34. Bxe6 Qe7 35. Qxe7 Bxe7 36. Rxe7 Rf6 37. d5 Rxf2+ 38. Kg1 Rf1+ 39. Kh2 Rf2+ 40. Kh3 Rh2+ 41. Kxh2 1/2-1/2


[Site "https://www.chess.com"]

[Event "Titled Tuesday Blitz November 29 Late 2022"]
[White "Risteski, Emil"]
[Black "Firouzja, Alireza"]
[WhiteFideId "15005267"]
[BlackFideId "12573981"]
[WhiteElo "2251"]
[BlackElo "2903"]
[Result "0-1"]
[Round "04"]
[TimeControl "180+1"]
[Date "2022.11.30"]
[WhiteClock "0:00:04"]
[BlackClock "0:01:43"]

1. e4 g6 2. d4 Bg7 3. Nc3 d6 4. f4 Nf6 5. Nf3 O-O 6. Bd3 Nc6 7. O-O e5 8. fxe5 dxe5 9. d5 Ne7 10. Bg5 Ne8 11. Qd2 Nd6 12. Bh6 f6 13. Bxg7 Kxg7 14. Ne2 c6 15. c4 cxd5 16. cxd5 Qb6+ 17. Kh1 Bd7 18. Rac1 a5 19. Rc3 Rac8 20. Rfc1 Rxc3 21. Rxc3 Rc8 22. Rxc8 Nexc8 23. Nc3 Ne7 24. Nd1 g5 25. Ne3 Qc5 26. h4 h6 27. hxg5 hxg5 28. Ng1 Ng6 29. Ne2 Nf4 30. Nxf4 gxf4 31. Nc2 Be8 32. Qe2 Bg6 33. Kh2 Qc8 34. g3 Qh8+ 35. Kg2 fxg3 36. Kxg3 Qh1 37. Ne3 Nxe4+ 38. Bxe4 Qxe4 39. Qf3 Qd3 40. d6 Qxd6 41. Qxb7+ Kf8 42. Qc8+ Be8 43. Qf5 Bd7 44. Qh7 e4+ 45. Kg2 Qd2+ 46. Kf1 Bb5+ 0-1


[Site "https://www.chess.com"]

[Event "Titled Tuesday Blitz November 29 Late 2022"]
[White "Ronka, Erik"]
[Black "Vasques, Antonio Pedro Freixial"]
[WhiteFideId "505080"]
[BlackFideId "1908332"]
[WhiteElo "2264"]
[BlackElo "2243"]
[Result "0-1"]
[Round "04"]
[TimeControl "180+1"]
[Date "2022.11.30"]
[WhiteClock "0:01:07"]
[BlackClock "0:00:16"]

1. d4 Nf6 2. c4 e6 3. Nc3 Bb4 4. a3 Bxc3+ 5. bxc3 b6 6. f3 Bb7 7. e4 c5 8. Bd3 h6 9. Ne2 d6 10. O-O Nc6 11. Be3 O-O 12. f4 e5 13. fxe5 dxe5 14. d5 Na5 15. Ng3 Bc8 16. h3 Ne8 17. Qe2 Nd6 18. Rf3 Bd7 19. Raf1 f6 20. Nh5 Be8 21. Rg3 g5 22. h4 Bg6 23. hxg5 fxg5 24. Rxf8+ Qxf8 25. Rf3 Qe7 26. g4 Bxh5 27. gxh5 Rf8 28. Rg3 Kh7 29. Qg4 Naxc4 30. Bf2 Nxa3 31. Rf3 Rxf3 32. Qxf3 Qf7 33. Qe2 Qf4 34. Be3 Qh4 35. Bf2 Qh3 36. c4 g4 37. Be1 g3 38. Bc3 g2 39. Qxg2 Qxg2+ 40. Kxg2 Naxc4 41. Kf3 b5 42. Bb1 b4 43. Be1 a5 44. Bg3 a4 45. Be1 b3 46. Ba2 bxa2 47. Kg4 a3 48. Bg3 a1=Q 49. Bxe5 Qxe5 50. Kh4 Qxe4+ 51. Kh3 Qf3+ 52. Kh2 Qg4 53. Kh1 Ne3 54. Kh2 Qg2# 0-1


[Site "https://www.chess.com"]

[Event "Titled Tuesday Blitz November 29 Late 2022"]
[White "Rosenberg, Evan S"]
[Black "Bazzano, Sebastian"]
[WhiteFideId "2019299"]
[BlackFideId "104566"]
[WhiteElo "2367"]
[BlackElo "2185"]
[Result "1-0"]
[Round "04"]
[TimeControl "180+1"]
[Date "2022.11.30"]
[WhiteClock "0:00:53"]
[BlackClock "0:00:01"]

1. d4 Nf6 2. Nf3 g6 3. Nc3 d5 4. Bf4 Bg7 5. Nb5 Na6 6. e3 c6 7. Nc3 O-O 8. Bxa6 bxa6 9. Ne5 Qb6 10. b3 Nd7 11. Nd3 Re8 12. Na4 Qa5+ 13. c3 e5 14. dxe5 Nxe5 15. Nxe5 Bxe5 16. Bxe5 Rxe5 17. b4 Qd8 18. Nc5 a5 19. Qd4 Re8 20. O-O axb4 21. cxb4 a5 22. a3 Qg5 23. Kh1 Ba6 24. Rfc1 Bc4 25. bxa5 Rxa5 26. Nb7 Ra4 27. Nd6 Rea8 28. Nxc4 dxc4 29. Rxc4 Rxa3 30. Rac1 Qd5 31. Qxd5 cxd5 32. Rc8+ Rxc8 33. Rxc8+ Kg7 34. g4 Kf6 35. Kg2 Rd3 36. Kf3 Rd2 37. h4 h6 38. Rc6+ Kg7 39. Rd6 Rd1 40. Kg2 Rd2 41. e4 d4 42. e5 1-0


[Site "https://www.chess.com"]

[Event "Titled Tuesday Blitz November 29 Late 2022"]
[White "Rubio Tent, Francisco"]
[Black "Pace, Christopher"]
[WhiteFideId "2238233"]
[BlackFideId "2610167"]
[WhiteElo "2211"]
[BlackElo "2306"]
[Result "1-0"]
[Round "04"]
[TimeControl "180+1"]
[Date "2022.11.30"]
[WhiteClock "0:00:13"]
[BlackClock "0:00:06"]

1. e4 e5 2. Nf3 Nc6 3. Bb5 a6 4. Ba4 Nf6 5. d3 b5 6. Bb3 Bc5 7. c3 O-O 8. O-O d6 9. Re1 h6 10. Nbd2 Bb6 11. Nf1 Ne7 12. Ng3 Ng6 13. h3 Be6 14. d4 c5 15. d5 Bc8 16. Nh2 c4 17. Bc2 Nf4 18. Qf3 Nd7 19. Nf5 Nc5 20. Bxf4 exf4 21. Qxf4 Bxf5 22. exf5 f6 23. Re6 Nxe6 24. fxe6 f5 25. Re1 Qe7 26. Qf3 g5 27. Qh5 Kg7 28. Nf3 Rf6 29. h4 g4 30. Nh2 g3 31. Re2 gxh2+ 32. Kxh2 Rg8 33. g3 Kh8 34. Bxf5 Rxf5 35. Qxf5 Rf8 36. Qh5 Kg7 37. f4 Rf6 38. f5 Bc5 39. Re4 Bf2 40. Rg4+ Kh8 41. Kg2 Be3 42. Rg6 Rxg6 43. Qxg6 1-0


[Site "https://www.chess.com"]

[Event "Titled Tuesday Blitz November 29 Late 2022"]
[White "Sabar, Ethmane Daouda"]
[Black "Petrovic, Aleksa"]
[WhiteFideId "19600097"]
[BlackFideId "967629"]
[WhiteElo "1950"]
[BlackElo "2224"]
[Result "0-1"]
[Round "04"]
[TimeControl "180+1"]
[Date "2022.11.30"]
[WhiteClock "0:00:10"]
[BlackClock "0:00:11"]

1. e4 c6 2. d4 d5 3. Nc3 dxe4 4. Nxe4 Bf5 5. Ng3 Bg6 6. h4 h6 7. h5 Bh7 8. Nf3 e6 9. Bd3 Bxd3 10. Qxd3 Nf6 11. Bd2 c5 12. O-O-O Nc6 13. Qb5 Qb6 14. Qa4 cxd4 15. Bf4 Bc5 16. Ne5 O-O 17. Nc4 Qb4 18. Qxb4 Nxb4 19. a3 Nc6 20. b4 Nd5 21. Bd2 b5 22. Ne4 bxc4 23. Nxc5 c3 24. Be1 e5 25. b5 Na5 26. f4 Rfc8 27. Nd7 Ne3 28. Rd3 Nxg2 29. fxe5 Nf4 30. Rd1 Rc4 31. Rf1 Ne2+ 32. Kb1 Rd8 33. Rf2 d3 34. Rxd3 Nd4 35. Rf4 Rxd7 36. Bf2 Nxc2 37. Rxc4 Nxa3+ 38. Ka2 Rxd3 39. Rc8+ Kh7 40. Kxa3 Rd2 41. Be3 Re2 42. Bc1 c2 43. Kb4 Re1 44. Rxc2 Nb7 45. Bd2 Re4+ 46. Rc4 Rxe5 47. Rc7 Nd6 48. Bc3 Rxb5+ 49. Ka4 Rxh5 50. Rxa7 Rd5 51. Rd7 Ne4 52. Rxd5 Nxc3+ 53. Kb4 Nxd5+ 54. Kc4 Nf6 55. Kd3 Kg6 56. Ke2 Kg5 57. Kf1 Kg4 58. Kg2 h5 59. Kh1 h4 60. Kh2 h3 61. Kh1 Kg3 62. Kg1 Ng4 63. Kh1 Nf2+ 64. Kg1 h2+ 65. Kf1 h1=Q+ 66. Ke2 Qd5 0-1


[Site "https://www.chess.com"]

[Event "Titled Tuesday Blitz November 29 Late 2022"]
[White "Sadovsky, Artem"]
[Black "Hernandez Gonzalez, William"]
[WhiteFideId "4155840"]
[BlackFideId "3509915"]
[WhiteElo "2312"]
[BlackElo "2374"]
[Result "1-0"]
[Round "04"]
[TimeControl "180+1"]
[Date "2022.11.30"]
[WhiteClock "0:00:09"]
[BlackClock "0:00:10"]

1. Nf3 Nf6 2. e3 e6 3. c4 d5 4. b3 Be7 5. Bb2 O-O 6. Be2 b6 7. O-O Bb7 8. d3 Nbd7 9. Nbd2 c5 10. Qc2 Re8 11. e4 dxe4 12. Nxe4 Nxe4 13. dxe4 Qc7 14. Rad1 e5 15. Rxd7 Qxd7 16. Nxe5 Qc7 17. Bh5 g6 18. Ng4 f6 19. Bxf6 gxh5 20. Nh6+ Kf8 21. Qc3 Bd6 22. Qf3 Bxe4 23. Be7+ Kxe7 24. Qxe4+ Kd7 25. Qf5+ Re6 26. Qf7+ Re7 27. Qf5+ Ke8 28. Qxh5+ Kd8 29. Rd1 Qd7 30. Qd5 Bxh2+ 31. Kxh2 Qxd5 32. Rxd5+ Kc7 33. Ng4 Rd8 34. Ne3 Red7 35. Rh5 Kb7 36. Nd5 Rf7 37. f4 Rdd7 38. g4 b5 39. Kg3 b4 40. f5 Rd6 41. Kf4 Ra6 42. Rh2 Rd6 43. g5 a5 44. Ke5 Kc6 45. f6 a4 46. bxa4 Kd7 47. Kf5 Kc6 48. Ke5 Kd7 49. a5 Kc6 50. Ne7+ Kd7 51. Nd5 Kc6 52. a6 Ra7 53. Ne7+ Kd7 54. Rxh7 Rdxa6 55. Nf5+ Kc6 56. Rxa7 Rxa7 57. g6 Rxa2 58. f7 Ra8 59. g7 b3 60. f8=Q b2 61. Qxa8+ 1-0


[Site "https://www.chess.com"]

[Event "Titled Tuesday Blitz November 29 Late 2022"]
[White "Sailer, Mike"]
[Black "Arbunic Castro, Giovanna"]
[WhiteFideId "2012901"]
[BlackFideId "3400549"]
[WhiteElo "2109"]
[BlackElo "1930"]
[Result "1-0"]
[Round "04"]
[TimeControl "180+1"]
[Date "2022.11.30"]
[WhiteClock "0:01:38"]
[BlackClock "0:01:48"]

1. Nf3 Nf6 2. c4 g6 3. g3 Bg7 4. Bg2 d6 5. O-O O-O 6. Nc3 c5 7. d4 Nc6 8. d5 Na5 9. Nd2 Rb8 10. a4 a6 11. Qc2 Bd7 12. b3 b5 13. axb5 axb5 14. cxb5 Bxb5 15. Nxb5 Rxb5 16. Bb2 Qb8 17. Ra3 Rc8 18. Rfa1 Qb6 19. Bc3 Ra8 20. Nc4 1-0


[Site "https://www.chess.com"]

[Event "Titled Tuesday Blitz November 29 Late 2022"]
[White "Salman, Pavel"]
[Black "Goltsev, Dmitry"]
[WhiteFideId "24153753"]
[BlackFideId "24176710"]
[WhiteElo "2187"]
[BlackElo "2289"]
[Result "0-1"]
[Round "04"]
[TimeControl "180+1"]
[Date "2022.11.30"]
[WhiteClock "0:01:16"]
[BlackClock "0:02:00"]

1. Nf3 d5 2. g3 c6 3. Bg2 Nf6 4. O-O g6 5. d3 Bg7 6. Nbd2 O-O 7. e4 dxe4 8. dxe4 Nbd7 9. c3 e5 10. Qc2 Qe7 11. Nc4 b6 12. Rd1 Ba6 13. Bf1 Nc5 14. Ncxe5 Bxf1 15. Rxf1 Nfxe4 16. Nxc6 Qe6 17. Ncd4 Qh3 18. b4 Rfe8 19. bxc5 bxc5 20. Nb3 Nxc3 21. Bb2 Re2 22. Nbd2 Nd5 23. Bxg7 Ne3 24. Nh4 Nxc2 25. Rac1 Rxd2 26. Bh6 Re2 27. Rfd1 Rae8 0-1


[Site "https://www.chess.com"]

[Event "Titled Tuesday Blitz November 29 Late 2022"]
[White "Sarkar, Justin"]
[Black "Tanenbaum, Zachary"]
[WhiteFideId "2010011"]
[BlackFideId "2060850"]
[WhiteElo "2239"]
[BlackElo "2175"]
[Result "0-1"]
[Round "04"]
[TimeControl "180+1"]
[Date "2022.11.30"]
[WhiteClock "0:00:15"]
[BlackClock "0:01:43"]

1. e4 e5 2. Nc3 Nc6 3. f4 exf4 4. d4 Qh4+ 5. Ke2 d5 6. Nf3 Bg4 7. Nxd5 O-O-O 8. Bxf4 Nf6 9. Bg3 Qh6 10. Bxc7 Nxd5 11. exd5 Re8+ 12. Kf2 Kxc7 13. dxc6 Qe3+ 14. Kg3 Bd6+ 15. Kxg4 h5+ 0-1


[Site "https://www.chess.com"]

[Event "Titled Tuesday Blitz November 29 Late 2022"]
[White "Schuster, Karsten"]
[Black "Ferreira, Vitor Hugo Vieira"]
[WhiteFideId "4611071"]
[BlackFideId "2119765"]
[WhiteElo "2294"]
[BlackElo "2168"]
[Result "0-1"]
[Round "04"]
[TimeControl "180+1"]
[Date "2022.11.30"]
[WhiteClock "0:00:07"]
[BlackClock "0:00:10"]

1. d4 d5 2. c4 c6 3. cxd5 cxd5 4. Bf4 Nf6 5. Nc3 e6 6. e3 Bd6 7. Bg3 O-O 8. Bd3 Re8 9. Rc1 Nc6 10. Bb1 e5 11. dxe5 Nxe5 12. Nge2 Be6 13. O-O Nc4 14. b3 Nb6 15. Nd4 a6 16. Nxe6 fxe6 17. Bh4 Rc8 18. Qd3 g6 19. Rfd1 Be7 20. Bg3 Bf8 21. h3 Ba3 22. Rc2 Bd6 23. Ne2 Bxg3 24. Nxg3 Rxc2 25. Bxc2 Qc7 26. e4 Rc8 27. Bb1 Qc3 28. exd5 Qxd3 29. Bxd3 Nbxd5 30. Ne2 Nb4 31. Bb1 Rc7 32. Kf1 Kf7 33. Ke1 e5 34. a3 Nc6 35. b4 Ke7 36. f3 Na7 37. g4 Nb5 38. a4 Na3 39. g5 Nh5 40. Be4 Nc2+ 41. Kf2 Nxb4 42. a5 Nc6 43. Rd5 Ke6 44. Rc5 Ng7 45. f4 Kd6 46. Rd5+ Ke6 47. Rc5 exf4 48. Nxf4+ Kd6 49. Rd5+ Ke7 50. Rc5 Kd7 51. Rd5+ Kc8 52. h4 Rf7 53. Ke3 Kc7 54. Rc5 Kd6 55. Rd5+ Kc7 56. Rc5 Rxf4 57. Rxc6+ bxc6 58. Kxf4 Kd6 59. Kg4 Ne6 60. Bd3 Nc5 61. Bc2 Nb7 62. Bd3 Nxa5 63. Bxa6 c5 64. Bd3 c4 65. Bc2 Ke5 66. h5 gxh5+ 67. Kxh5 Kf4 68. Bxh7 Nc6 69. Bb1 Ne5 70. g6 Nxg6 71. Kxg6 Ke3 72. Bf5 Kd2 73. Kf6 c3 74. Ke5 Kc1 75. Kd4 Kb2 76. Kd3 c2 77. Kd2 c1=Q+ 0-1


[Site "https://www.chess.com"]

[Event "Titled Tuesday Blitz November 29 Late 2022"]
[White "Shapiro, Daniel"]
[Black "Santos Flores, Alberto"]
[WhiteFideId "2001780"]
[BlackFideId "3601234"]
[WhiteElo "2320"]
[BlackElo "2235"]
[Result "1-0"]
[Round "04"]
[TimeControl "180+1"]
[Date "2022.11.30"]
[WhiteClock "0:00:26"]
[BlackClock "0:00:05"]

1. d4 d5 2. c4 c6 3. Nf3 Nf6 4. Qb3 e6 5. Nc3 Nbd7 6. Bg5 h6 7. Bh4 Be7 8. e3 O-O 9. Rd1 a6 10. c5 b6 11. cxb6 Qxb6 12. Qxb6 Nxb6 13. Ne5 Bb7 14. Be2 c5 15. dxc5 Bxc5 16. O-O Nfd7 17. Nd3 Bd6 18. a4 Rfc8 19. Rc1 Nc4 20. Rfd1 Rab8 21. Bg3 Bxg3 22. hxg3 Bc6 23. Bf3 Nxb2 24. Nxb2 Rxb2 25. e4 dxe4 26. Nxe4 Ne5 27. Rd6 Nxf3+ 28. gxf3 Kh7 29. Rdxc6 Rxc6 30. Rxc6 a5 31. Ra6 f5 32. Nc5 h5 33. Nxe6 h4 34. gxh4 Kh6 35. Rxa5 Kh5 36. Rxf5+ Kxh4 37. Nxg7 Ra2 38. a5 Rxf2 39. Kxf2 1-0


[Site "https://www.chess.com"]

[Event "Titled Tuesday Blitz November 29 Late 2022"]
[White "Shimanov, Aleksandr"]
[Black "Fedoseev, Vladimir"]
[WhiteFideId "4198603"]
[BlackFideId "24130737"]
[WhiteElo "2605"]
[BlackElo "2726"]
[Result "1-0"]
[Round "04"]
[TimeControl "180+1"]
[Date "2022.11.30"]
[WhiteClock "0:00:04"]
[BlackClock "0:00:01"]

1. g3 h5 2. Nf3 d5 3. d4 Bf5 4. c4 dxc4 5. Nc3 e6 6. Qa4+ c6 7. Qxc4 Nf6 8. Bg2 Nbd7 9. e3 Be7 10. Qe2 Ne4 11. h3 Qa5 12. Bd2 Nxd2 13. Nxd2 Rd8 14. O-O Bg6 15. Nc4 Qa6 16. Rfd1 O-O 17. h4 f6 18. Bf3 Bf7 19. b3 g6 20. Rac1 Rc8 21. e4 Rfe8 22. e5 f5 23. Qd2 b5 24. Ne3 c5 25. Be2 Qb7 26. Bxb5 Red8 27. Nc4 Nb6 28. Nd6 Bxd6 29. exd6 Rxd6 30. Qf4 Rxd4 31. Rxd4 cxd4 32. Qxd4 Qe7 33. Re1 Qc5 34. Qxc5 Rxc5 35. Re3 e5 36. Bf1 e4 37. f3 exf3 38. Rxf3 Nd7 39. Re3 Nf6 40. Be2 Kf8 41. Bf3 Be8 42. Kf1 Kf7 43. Ke1 a5 44. Be2 Bc6 45. Bc4+ Kg7 46. Re7+ Kh6 47. Re6 Ng4 48. Ne2 Bd7 49. Re7 Bb5 50. Bg8 Nf6 51. Bf7 Bxe2 52. Rxe2 Ne4 53. Re3 Rc1+ 54. Ke2 Rc2+ 55. Kd3 Rxa2 56. Bd5 Rd2+ 57. Kc4 Nd6+ 58. Kc5 Nc8 59. Bc4 1-0


[Site "https://www.chess.com"]

[Event "Titled Tuesday Blitz November 29 Late 2022"]
[White "Souleidis, Georgios"]
[Black "Rustemov, Alexander"]
[WhiteFideId "4206827"]
[BlackFideId "4119002"]
[WhiteElo "2401"]
[BlackElo "2845"]
[Result "1-0"]
[Round "04"]
[TimeControl "180+1"]
[Date "2022.11.30"]
[WhiteClock "0:00:13"]
[BlackClock "0:00:09"]

1. e4 e6 2. d4 d5 3. Nc3 Bb4 4. exd5 exd5 5. Bd3 Nc6 6. Nf3 Bg4 7. O-O Nge7 8. h3 Bf5 9. Ne2 O-O 10. Bf4 Qd7 11. Ng3 Bg6 12. c3 Ba5 13. Re1 Rae8 14. Qc2 h6 15. a4 Bb6 16. b4 a6 17. a5 Ba7 18. Nh4 Bxd3 19. Qxd3 g5 20. Nh5 f5 21. Qg3 Kf7 22. Bxg5 Rg8 23. Nf3 hxg5 24. Nxg5+ Kg6 25. Nf4+ Kf6 26. Nh5+ Kg6 27. Nf4+ Kf6 28. Re6+ Qxe6 29. Nfxe6 Ng6 30. Qxc7 Rxe6 31. Nxe6 Kxe6 32. Re1+ Kf6 33. Qxb7 Nge7 34. Rxe7 Nxe7 35. Qxa7 Ng6 36. Qxa6+ Kf7 37. Qb7+ Ke6 38. a6 Nf4 39. g3 Nxh3+ 40. Kg2 Nf4+ 41. Kf3 Nh3 42. a7 Ng5+ 43. Ke2 Ne4 44. a8=Q Rxa8 45. Qxa8 Nxc3+ 46. Kf3 Ne4 47. Qc6+ Ke7 48. b5 Nd2+ 49. Kf4 Nc4 50. b6 Nd6 51. b7 1-0


[Site "https://www.chess.com"]

[Event "Titled Tuesday Blitz November 29 Late 2022"]
[White "Steinberg, Nitzan"]
[Black "Aguilar, Juan"]
[WhiteFideId "2801795"]
[BlackFideId "3800091"]
[WhiteElo "2491"]
[BlackElo "2528"]
[Result "1-0"]
[Round "04"]
[TimeControl "180+1"]
[Date "2022.11.30"]
[WhiteClock "0:00:04"]
[BlackClock "0:00:01"]

1. Nf3 g6 2. e4 Bg7 3. d4 d6 4. Nc3 Nf6 5. Be3 c6 6. h3 b5 7. Bd3 a5 8. a4 b4 9. Nb1 O-O 10. O-O Bb7 11. c3 Nbd7 12. Nbd2 c5 13. Re1 Qc7 14. Bf4 e5 15. Bh2 Nh5 16. Nc4 Nf4 17. Bxf4 exf4 18. Qd2 d5 19. exd5 Bxd5 20. Nce5 Nxe5 21. Nxe5 Bh6 22. dxc5 Qxc5 23. Nd7 Qd6 24. Nxf8 Bxg2 25. Rad1 Rxf8 26. Be4 Qxd2 27. Rxd2 f3 28. Rd3 bxc3 29. bxc3 Re8 30. c4 Kf8 31. Rdd1 Bf4 32. c5 Re5 33. Rd3 Rg5 34. c6 Bxh3+ 35. Kh1 Bg2+ 36. Kg1 Rh5 37. Bxf3 Rh1+ 38. Kxg2 Rxe1 39. Rd4 Be5 40. Rd5 Bc7 41. Rb5 Ke7 42. Rd5 Ke6 43. Rd7 Bd6 44. Ra7 Ra1 45. Rxa5 Bc7 46. Ra8 h5 47. Be2 h4 48. Bb5 g5 49. Re8+ Kf6 50. Rc8 Be5 51. Rg8 Ra2 52. Rf8 Rc2 53. a5 Bd4 54. a6 Rxf2+ 55. Kh3 Rf3+ 56. Kg4 Rg3+ 57. Kh5 h3 58. c7 h2 59. Bc6 Rh3+ 60. Kg4 Rh4+ 61. Kg3 Be5+ 62. Kf2 Bxc7 63. a7 Rf4+ 64. Ke2 Ra4 65. a8=Q 1-0


[Site "https://www.chess.com"]

[Event "Titled Tuesday Blitz November 29 Late 2022"]
[White "Storey, Charles H"]
[Black "Arkell, Keith C"]
[WhiteFideId "406686"]
[BlackFideId "400270"]
[WhiteElo "2252"]
[BlackElo "2342"]
[Result "0-1"]
[Round "04"]
[TimeControl "180+1"]
[Date "2022.11.30"]
[WhiteClock "0:00:13"]
[BlackClock "0:02:13"]

1. c4 c6 2. b3 d5 3. Bb2 Nf6 4. Nf3 g6 5. e3 Bg7 6. d4 O-O 7. Nbd2 Bf5 8. Nh4 Bg4 9. Be2 Bxe2 10. Qxe2 Nbd7 11. O-O e6 12. Nhf3 Ne4 13. Nxe4 dxe4 14. Nd2 f5 15. Ba3 Re8 16. Rad1 Qa5 17. Nb1 Rad8 18. Qd2 Qxd2 19. Rxd2 Nf6 20. Rfd1 Rd7 21. Nc3 Red8 22. Na4 b6 23. h3 h5 24. Kf1 c5 25. Bxc5 bxc5 26. Nxc5 Re7 27. b4 Kf7 28. b5 Rc8 29. a4 Nd7 30. Nxd7 Rxd7 31. c5 e5 32. c6 Rd5 33. dxe5 Rxd2 34. Rxd2 Rc7 35. Rd5 Ke6 36. Rd6+ Kxe5 37. Rxg6 Bf6 38. Ke2 h4 39. g4 hxg3 40. fxg3 Rh7 41. h4 Bd8 42. Rg8 Bb6 43. Rb8 Kd6 44. Rf8 Rg7 45. Kf2 Ke5 46. Rh8 Rf7 47. h5 Kd5 48. h6 Kc4 49. Rg8 Rh7 50. Rg6 Kb4 51. Rf6 Kxa4 52. Rxf5 Rxh6 53. g4 Rh3 54. g5 Rxe3 55. Kg2 Re1 56. Kg3 e3 57. Kg4 e2 58. Re5 Rg1+ 59. Kh5 e1=Q 60. Rxe1 Rxe1 0-1


[Site "https://www.chess.com"]

[Event "Titled Tuesday Blitz November 29 Late 2022"]
[White "Svane, Frederik"]
[Black "Stearman, Josiah"]
[WhiteFideId "12923044"]
[BlackFideId "2062496"]
[WhiteElo "2466"]
[BlackElo "2402"]
[Result "1-0"]
[Round "04"]
[TimeControl "180+1"]
[Date "2022.11.30"]
[WhiteClock "0:00:09"]
[BlackClock "0:00:09"]

1. e4 c5 2. Nf3 Nc6 3. Bb5 Na5 4. O-O a6 5. Be2 e6 6. c4 Nc6 7. Nc3 d6 8. d4 cxd4 9. Nxd4 Nf6 10. Be3 Bd7 11. Qb3 Qc7 12. Rac1 Be7 13. Nxc6 Bxc6 14. Nd5 exd5 15. cxd5 Nxe4 16. dxc6 bxc6 17. Qc2 Nc5 18. b4 Ne6 19. Qxc6+ Qxc6 20. Rxc6 d5 21. Rb1 d4 22. Bd2 Kd7 23. Rxa6 Nc7 24. Rxa8 Rxa8 25. Bc4 f6 26. Kf1 Kc6 27. Rc1 Kb6 28. Ke2 Bd6 29. Kd3 Nb5 30. Bb3 Nc3 31. Rc2 Bxb4 32. Kxd4 Nb5+ 33. Ke4 Re8+ 34. Kf4 Bd6+ 35. Kg4 Re4+ 36. Kf3 f5 37. Be3+ Ka5 38. Rd2 Be5 39. Rd5 Bf6 40. a4 Rxa4 41. Bxa4 Kxa4 42. Rxf5 Kb4 43. g4 Kc4 44. g5 Bd4 45. Rf4 Kd3 46. Bxd4 Nxd4+ 47. Kg4 Ne6 48. Rf7 Ke4 49. f3+ Ke5 50. f4+ Ke4 51. f5 Nd4 52. f6 gxf6 53. Rxf6 Nf5 54. Rxf5 1-0


[Site "https://www.chess.com"]

[Event "Titled Tuesday Blitz November 29 Late 2022"]
[White "Szalay, Karoly"]
[Black "Wieczorek, Oskar"]
[WhiteFideId "2600544"]
[BlackFideId "1133950"]
[WhiteElo "2541"]
[BlackElo "2404"]
[Result "0-1"]
[Round "04"]
[TimeControl "180+1"]
[Date "2022.11.30"]
[WhiteClock "0:00:16"]
[BlackClock "0:00:05"]

1. e4 c5 2. Nf3 e6 3. d4 cxd4 4. Nxd4 Nf6 5. Bd3 Nc6 6. Be3 d5 7. Nd2 e5 8. Nxc6 bxc6 9. exd5 cxd5 10. f4 d4 11. Bf2 exf4 12. Qf3 Rb8 13. Qxf4 Bd6 14. Qxd4 O-O 15. O-O Ng4 16. h3 Nxf2 17. Qxf2 Qc7 18. Ne4 Be7 19. b3 f5 20. Bc4+ Kh8 21. Kh1 Bb7 22. Ng3 Bc5 23. Qf4 Bd6 24. Qg5 Bxg3 25. Rxf5 Rxf5 26. Qxf5 Qe5 27. Qxe5 Bxe5 28. Re1 Bf6 29. Kg1 Rd8 30. Re2 g6 31. a4 Kg7 32. a5 Rd6 33. Kf2 a6 34. g3 Kf8 35. Ke3 Bc3 36. Rf2+ Rf6 37. Rxf6+ Bxf6 38. Kf4 Bc3 39. Bd3 Bxa5 40. h4 Bc7+ 41. Kg4 Kg7 42. h5 Kf6 43. hxg6 hxg6 44. Kh4 a5 45. g4 g5+ 46. Kh5 Bf4 47. Bf5 Bf3 48. Kh6 Ke5 49. c3 Bd2 50. b4 a4 51. b5 a3 52. Bb1 Kf6 53. c4 Be3 54. Kh5 Be2 55. Ba2 Bc5 56. Bb3 Bf3 57. Ba2 Be4 58. Kh6 Bg6 59. Bb3 Bf8# 0-1


[Site "https://www.chess.com"]

[Event "Titled Tuesday Blitz November 29 Late 2022"]
[White "Sztokbant, Bernardo Vainzoff"]
[Black "Cardoso Cardoso, Jose Gabriel"]
[WhiteFideId "2115956"]
[BlackFideId "4430492"]
[WhiteElo "2228"]
[BlackElo "2484"]
[Result "0-1"]
[Round "04"]
[TimeControl "180+1"]
[Date "2022.11.30"]
[WhiteClock "0:00:01"]
[BlackClock "0:00:05"]

1. e4 g6 2. d4 Bg7 3. Nc3 c6 4. Nf3 d5 5. exd5 cxd5 6. h3 Nf6 7. Be2 O-O 8. O-O Nc6 9. Bf4 Ne4 10. Bd3 Bf5 11. Re1 Nxc3 12. bxc3 Bxd3 13. cxd3 e6 14. Rb1 b6 15. Qd2 Rc8 16. Bh6 Ne7 17. Bxg7 Kxg7 18. Ne5 Nc6 19. Ng4 h5 20. Ne3 Qf6 21. Re2 Rc7 22. g3 Rfc8 23. h4 Nd8 24. Rc1 Nb7 25. Ng2 Nd6 26. Nf4 Nb5 27. Rce1 Rxc3 28. Nxe6+ Kg8 29. Qh6 Qh8 30. Qg5 Nxd4 31. Nxd4 Qxd4 32. Qh6 Qa4 33. Re7 R3c7 34. Rxc7 Rxc7 35. Kh2 Qd7 36. Re5 Rc8 37. d4 Re8 38. Qf4 Rxe5 39. Qxe5 Qf5 40. Qb8+ Kg7 41. Kg1 Qb1+ 42. Kh2 Qxa2 43. Qe5+ Kg8 44. Qe8+ Kg7 45. Qe5+ Kf8 46. Qd6+ Kg8 0-1


[Site "https://www.chess.com"]